 Dungeon Crawl Stone Soup version 0.18-a0-1577-gf591c28 (webtiles) character file.

71 M4edhros the Grasshopper (level 4, -1/29 HPs)
             Began as an Octopode Warper on Mar 20, 2016.
             Hit by a goblin thrown by Robin (2 damage)
             ... on level 2 of the Dungeon.
             The game lasted 00:01:44 (951 turns).

M4edhros the Grasshopper (Octopode Warper)           Turns: 951, Time: 00:01:45

Health: -1/29      AC:  1    Str: 10    XL:     4   Next: 24%
Magic:  7/7        EV: 12    Int: 15    God:
Gold:   34         SH:  0    Dex: 12    Spells: 1 memorised, 6 levels left

rFire  . . .     SeeInvis .       - Unarmed
rCold  . . .     Gourm    .     (no shield)
rNeg   . . .     Faith    .     (helmet restricted)
rPois  .         Spirit   .     (no amulet)
rElec  .         Dismiss  .     (no ring)
rCorr  .         Reflect  .     (no ring)
SustAt .         Harm     .     (no ring)
MR     .....                    (no ring)
Stlth  ++........               (no ring)
                                (no ring)
                                (no ring)
                                (no ring)

@: not resistant to hostile enchantments, unstealthy
A: almost no armour, amphibious, 8 rings, constrict 8, camouflage 1, gelatinous
body 1
a: no special abilities


You were on level 2 of the Dungeon.
You were not hungry.

You visited 1 branch of the dungeon, and saw 2 of its levels.

You collected 34 gold pieces.

Inventory:

Hand Weapons
 h - a +0 hunting sling
Missiles
 c - 5 tomahawks of dispersal (quivered)
 g - 21 sling bullets
 i - 15 stones
Scrolls
 b - a scroll of blinking
 e - a scroll of fog {unknown}
 f - a scroll of random uselessness {unknown}
 j - a scroll of enchant armour {unknown}
Books
 a - a book of Spatial Translocations

   Spells                             Type                      Level
   a - Apportation                    Translocation                1
   b - Blink                          Translocation                2
   c - Shroud of Golubria             Charms/Translocation         2
   d - Portal Projectile              Translocation                3
   e - Teleport Other                 Translocation                3
   f - Passage of Golubria            Translocation                4
Comestibles
 d - a bread ration
 k - 2 chunks of flesh


   Skills:
 - Level 2.0 Fighting
 + Level 2.0(2.1) Slings
 - Level 1.0(1.6) Throwing
 - Level 2.3 Dodging
 - Level 2.4 Unarmed Combat
 - Level 2.0 Spellcasting
 + Level 4.1 Translocations


You had 6 spell levels left.
You knew the following spells:

 Your Spells              Type           Power        Failure   Level  Hunger
a - Apportation           Tloc           ##........   4%          1    #......


Dungeon Overview and Level Annotations

Branches:
Dungeon (2/15)

Altars:

Annotations:
D:2 Robin


Innate Abilities, Weirdness & Mutations

You cannot wear most types of armour.
You are amphibious.
You can wear up to eight rings at the same time.
You can use your tentacles to constrict eight enemies at once.
Your skin changes colour to match your surroundings (Stealth).
Your rubbery body absorbs attacks (AC +1).


Message History

* * * LOW HITPOINT WARNING * * *
Unknown command.
You tentacle-slap Robin but do no damage.
Robin is moderately wounded.
You constrict Robin, but do no damage.
Robin roars a battlecry!
The goblins go into a battle-frenzy!
Robin closely misses you. The goblin hits you.
* * * LOW HITPOINT WARNING * * *
The goblin closely misses you.
Unknown command.
You release your grip on Robin.
The goblin closely misses you. x2
Robin roars a battlecry!
The goblin goes into a battle-frenzy!
The goblin closely misses you. Robin throws the goblin at you!
The goblin closely misses you. The goblin hits you with a club.
* * * LOW HITPOINT WARNING * * *
Robin throws the goblin at you!
You die...

### #.## #..# #### #####
##.#######.# ..# #...#
#†#.......g #.# #...#
#...##...g#
.######.###.g.#####gg##....#
..........g@.g..g.g.........
######.######g..###.#####.#
#.# #...# #..# # #.# #...#
#..# .######.# #...# #..#
........# #...# #..#
#######'#### ##### ..#
#..........#
#..........###........#


You could see Robin and 5 goblins.

Vanquished Creatures
  3 adders (D:2)
  2 oozes (D:2)
  A dart slug (D:2)
  A giant cockroach (D:1)
  5 goblins
  5 hobgoblins (D:1)
  3 jackals (D:1)
  A kobold (D:2)
  2 ball pythons (D:1)
  4 bats
  4 giant newts
  3 rats (D:1)
34 creatures vanquished.

Notes
Turn   | Place    | Note
--------------------------------------------------------------
     0 | D:1      | M4edhros the Octopode Warper began the quest for the Orb.
     0 | D:1      | Reached XP level 1. HP: 14/14 MP: 3/3
   234 | D:1      | Reached XP level 2. HP: 13/19 MP: 5/5
   542 | D:1      | Reached XP level 3. HP: 24/24 MP: 6/6
   640 | D:2      | Reached skill level 1 in Slings
   658 | D:2      | Noticed Robin
   808 | D:2      | Reached skill level 4 in Translocations
   832 | D:2      | Reached XP level 4. HP: 14/29 MP: 7/7
   951 | D:2      | HP: 1/29 [goblin/club[Robin] (2)]
   951 | D:2      | Hit by a goblin thrown by Robin

Vault maps used:
D:1:      dpeg_arrival_simpleton_b, st_stairs_7
D:2:      nicolae_overflow_hidden_temple, uniq_robin

Skill      XL: |  1  2  3 |
---------------+----------+-----
Slings         | 2 |  2.0
Translocations | 4 |  4.1
Fighting       | |  2.0
Throwing       | |  1.0
Dodging        | |  2.3
Unarmed Combat | |  2.4
Spellcasting   | |  2.0

Action                   |  1- 3 |  4- 6 || total
-------------------------+-------+-------++-------
Melee: Unarmed           |    33 |    11 ||    44
 Fire: Hunting sling     |    48 |       ||    48
 Stab: Sleeping          |     7 |       ||     7
